 Dungeon Crawl Stone Soup version 0.18-a0-1683-gf9322e6 (webtiles) character file.

362 inmateoo the Skirmisher (level 6, 0/51 HPs)
             Began as a Formicid Arcane Marksman on Apr 3, 2016.
             Was an Initiate of Gozag.
             Succumbed to a worker ant's poison
             ... on level 4 of the Dungeon.
             The game lasted 00:06:39 (3969 turns).

inmateoo the Skirmisher (Formicid Arcane Marksman)  Turns: 3969, Time: 00:06:40

Health: 0/51       AC:  9    Str: 17    XL:     6   Next: 99%
Magic:  7/7        EV:  7    Int: 13    God:    Gozag
Gold:   343        SH:  0    Dex: 10    Spells: 0 memorised, 7 levels left

rFire  . . .     SeeInvis +     p - +2 battleaxe
rCold  . . .     Gourm    .     l - +0 chain mail
rNeg   . . .     Faith    .     (no shield)
rPois  .         Spirit   .     (helmet unavailable)
rElec  .         Dismiss  .     (no cloak)
rCorr  .         Reflect  .     (no gloves)
SustAt .         Harm     .     (no boots)
MR     .....                    (no amulet)
Stlth  ..........               (no ring)
                                n - ring of teleportation (curse)

@: lethally poisoned (0 -> -3), gold aura, flying, drained, not resistant to
hostile enchantments, extremely unstealthy
A: permanent stasis, dig shafts and tunnels, four strong arms, antennae 3
a: Dig, Shaft Self, Potion Petition, Call Merchant, Bribe Branch, Renounce
Religion


You were on level 4 of the Dungeon.
You worshipped Gozag.
Gozag was noncommittal.
You were very hungry.

You visited 1 branch of the dungeon, and saw 4 of its levels.

You collected 353 gold pieces.
You paid 10 gold pieces to Gozag.

Inventory:

Hand Weapons
 p - a +2 battleaxe (weapon)
Armour
 l - a +0 chain mail (worn)
Jewellery
 n - a cursed ring of teleportation (left hand)
Scrolls
 e - 2 scrolls of identify
 k - a scroll of fear
Books
 c - a book of Debilitation

   Spells                             Type                      Level
   a - Corona                         Hexes                        1
   b - Slow                           Hexes                        2
   c - Gell's Gravitas                Hexes/Translocation          3
   d - Inner Flame                    Hexes/Fire                   3
   e - Cause Fear                     Hexes                        4
   f - Leda's Liquefaction            Hexes/Earth                  4
Comestibles
 f - 3 bread rations
 h - a beef jerky
 m - a meat ration


   Skills:
 - Level 5.1(4.4) Fighting
 * Level 0.8(0.1) Axes
   Level 2.1(1.5) Slings
 - Level 4.7(4.0) Armour
 - Level 1.7(1.1) Dodging
 - Level 1.1(0.4) Spellcasting
   Level 3.6(2.9) Hexes


You had 7 spell levels left.
You didn't know any spells.

Dungeon Overview and Level Annotations

Branches:
Dungeon (4/15)
 Temple: D:4-7

Altars:
Gozag


Innate Abilities, Weirdness & Mutations

You are under a permanent stasis effect.
You can dig through walls and to a lower floor.
Your four strong arms can wield two-handed weapons with a shield.
You have a pair of large antennae on your head (SInv).


Message History

You kill the worker ant!
* * * LOW HITPOINT WARNING * * *
You feel sick.
Okay, then.
Drink which item? (? for menu, Esc to quit)
Okay, then.
* * * LOW HITPOINT WARNING * * *
You feel sick.
You see here 6 gold pieces.
Read which item? (? for menu, Esc to quit)
Okay, then.
Drink which item? (? for menu, Esc to quit)
You feel very buoyant.
You fly up into the air.
You now have 343 gold pieces (gained 6).
You need at least 400 gold to purchase potions right now!
There is a lethal amount of poison in your body!
Unknown command.
You die...
Your body crumbles into a pile of gold.

****### *,,,..#
*,**#.#####**********
*,* #.....,,,,,,,,,,,
#.###..#**,*********,
******#...@..# *,* *,
*,,.......##.#
*,****** *,
#.########*#<#
*,,,,,,* *, #.# #.#
******,* *, #.# #.#
*,* ** #.# #.# *,* *
##.## ##.## *,* *
##...########...##
*,*****
#####..#.............#
*,,,,,,


There were no monsters in sight!

Vanquished Creatures
  A centaur (D:3)
  2 wights (D:4)
  An orc wizard (D:4)
  2 worker ants (D:4)
  4 adders
  2 oozes
  4 worms
  A dart slug (D:1)
  A giant gecko (D:1)
  11 orcs
  9 bats
  5 giant cockroaches
  3 hobgoblins (D:1)
  9 kobolds
  A quokka (D:3)
  2 ball pythons
  5 giant newts
  8 goblins
  5 rats
76 creatures vanquished.

Notes
Turn   | Place    | Note
--------------------------------------------------------------
     0 | D:1      | inmateoo the Formicid Arcane Marksman began the quest for the Orb.
     0 | D:1      | Reached XP level 1. HP: 15/15 MP: 2/2
    13 | D:1      | Reached skill level 1 in Armour
    13 | D:1      | Reached XP level 2. HP: 21/22 MP: 3/3
   216 | D:1      | Reached skill level 2 in Fighting
   477 | D:1      | Reached XP level 3. HP: 16/27 MP: 4/4
  1671 | D:2      | Reached XP level 4. HP: 32/34 MP: 5/5
  1818 | D:2      | Found an opulent altar of Gozag.
  2067 | D:2      | Became a worshipper of Gozag Ym Sagoz the Greedy
  2265 | D:3      | Noticed a centaur
  2284 | D:3      | HP: 1/34 [centaur (5)]
  2288 | D:3      | Killed a centaur
  2288 | D:3      | Reached skill level 3 in Fighting
  2288 | D:3      | Reached XP level 5. HP: 1/42 MP: 6/6
  2792 | D:3      | Reached skill level 4 in Fighting
  3310 | D:4      | Reached XP level 6. HP: 36/49 MP: 7/7
  3907 | D:4      | Reached skill level 5 in Fighting
  3964 | D:4      | HP: 2/51 [worker ant (5)]
  3969 | D:4      | Succumbed to a worker ant's poison

Vault maps used:
D:1:      dpeg_arrival_orchard, kennysheep_pointless_box, minmay_misc_feat_rows
D:2:      nicolae_overflow_crystal_walls, minivault_27
D:3:      grunt_decor_cap
D:4:      first_bread, grunt_ministairs_5, uniq_edmund

Skill      XL: |  1  2  3  4  5  6 |
---------------+-------------------+-----
Armour         | 1 2 3 4 |  4.7
Fighting       | 2 3 4 5 |  5.1
Axes           | |  0.8
Slings         | |  2.1
Dodging        | |  1.7
Spellcasting   | |  1.1
Hexes          | |  3.6

Action                   |  1- 3 |  4- 6 || total
-------------------------+-------+-------++-------
Melee: Unarmed           |    18 |       ||    18
       Falchion          |    49 |   273 ||   322
       Battleaxe         |       |    18 ||    18
 Fire: Hunting sling     |    64 |       ||    64
Invok: Potion Petition   |       |     1 ||     1
 Abil: Dig               |       |     2 ||     2
  Use: Scroll            |     3 |     5 ||     8
       Potion            |     2 |     5 ||     7
 Stab: Invisible         |       |     4 ||     4
       Distracted        |       |     1 ||     1
  Eat: Chunk             |     2 |     2 ||     4
       Fruit             |       |     2 ||     2
       Bread ration      |       |     1 ||     1
